 Dungeon Crawl Stone Soup version 0.30-a0-824-g6c64550be9 (webtiles) character file.

Game seed: 1980345037073248020

6552 juan097 the Basher (level 10, -4/91 HPs)
             Began as a Minotaur Berserker on Feb 27, 2023.
             Was a High Priest of Trog.
             Slain by a hornet (12 damage)
             ... on level 7 of the Dungeon.
             The game lasted 00:23:25 (10234 turns).

juan097 the Basher (Minotaur Berserker)            Turns: 10234, Time: 00:23:26

Health: -4/91      AC:  5    Str: 22 (23) XL:     10   Next: 70%
Magic:  9/9        EV: 13    Int:  2 (4)  God:    Trog [*****.]
Gold:   296        SH:  0    Dex: 11 (13) Spells: 9/9 levels left

rFire   + . .      SeeInvis +    a - +2 dire flail (heavy)
rCold   . . .      Faith    +    (shield currently unavailable)
rNeg    . . .      Spirit   .    p - +2 robe {Will+}
rPois   .          Reflect  .    (helmet restricted)
rElec   .          Harm     .    O - +0 cloak
rCorr   .          Rampage  .    (no gloves)
Will    +....                    (no boots)
Stlth   ++                       w - amulet of faith
HPRegen 0.35/turn                c - ring of see invisible
MPRegen 0.11/turn                N - ring of protection from fire

@: slowed, very slow
A: horns 2, retaliatory headbutt
a: Renounce Religion, Berserk, Trog's Hand, Brothers in Arms


You were on level 7 of the Dungeon.
You worshipped Trog.
Trog was extremely pleased with you.
You visited 1 branch of the dungeon, and saw 8 of its levels.
You also visited: Sewer and Bailey.

You collected 410 gold pieces.
You spent 114 gold pieces at shops.

Inventory:

Hand Weapons
 a - a +2 heavy dire flail (weapon)
 b - a +0 sling
 H - a +1 whip of electrocution
 Q - a +0 dagger of venom
Missiles
 F - 33 poisoned darts (quivered)
Armour
 i - a +0 ring mail
 p - a +2 robe of willpower (worn)
 t - a +0 animal skin
 z - a +1 robe of cold resistance
 O - a +0 cloak (worn)
Jewellery
 c - a ring of see invisible (left hand)
 h - a ring of ice
 w - an amulet of faith (around neck)
 N - a ring of protection from fire (right hand)
Wands
 s - a wand of polymorph (6)
 y - a wand of paralysis (7)
 L - a wand of flame (4)
Scrolls
 d - 4 scrolls of teleportation
 f - 3 scrolls of poison
 k - 3 scrolls of fog {unknown}
 l - 2 scrolls of enchant weapon {unknown}
 q - 5 scrolls of enchant armour {unknown}
 r - 3 scrolls of magic mapping {unknown}
 v - 2 scrolls of butterflies {unknown}
 A - 3 scrolls of fear {unknown}
 B - 3 scrolls of immolation {unknown}
 C - a scroll of blinking {unknown}
 D - a scroll of vulnerability {unknown}
 I - 3 scrolls of identify {unknown}
 M - 2 scrolls of brand weapon {unknown}
Potions
 e - a potion of cancellation {unknown}
 g - 4 potions of degeneration
 j - a potion of brilliance {unknown}
 m - 2 potions of heal wounds
 n - 3 potions of resistance
 o - 2 potions of magic
 u - 8 potions of haste
 x - a potion of berserk rage {unknown}
 E - a potion of ambrosia {unknown}
 G - 2 potions of mutation {unknown}
 J - 5 potions of curing
 K - 2 potions of flight {unknown}


   Skills:
 + Level 9.2 Fighting
 + Level 12.0 Maces & Flails
 + Level 3.6 Throwing
 - Level 6.0 Armour
 + Level 5.8 Dodging
 - Level 4.0 Stealth
 - Level 6.0 Evocations


You had 9 spell levels left.
You didn't know any spells.
Your spell library contained the following spells:

 Spells                   Type           Power      Damage    Failure   Level
 Beastly Appendage        Tmut           0%         N/A       54%         1
 Wereblood                Tmut           0%         N/A       69%         2
 Spider Form              Tmut/Pois      0%         N/A       89%         3


Dungeon Overview and Level Annotations

Branches:
Dungeon (8/15)             Temple (0/1) D:5           Sewer (visited)
 Bailey (visited)
   Lair: D:8-11

Altars:
Xom

Shops:
D:1 [   D:6 *


Innate Abilities, Weirdness & Mutations

You have a pair of horns on your head.
You reflexively headbutt those who attack you in melee.


Message History

Aim: a hornet (chance to affect: 55%)
The hornet resists with significant effort.
You feel very sick. The hornet stings you.
You are more poisoned.
You feel as though you will be slow longer.
The hornet stings you!
You are more poisoned.
You suddenly lose the ability to move!
You feel extremely sick. The hornet stings you.
You are lethally poisoned!
You feel as though you will be slow longer.
The hornet stings you.
You feel as though you will be slow longer.
You can move again.
Aiming: Paralyse
Press: ? - help, Shift-Dir - straight line, f/p - hornet
Aim: a hornet (chance to affect: 55%)
The hornet resists with significant effort.
* * * LOW HITPOINT WARNING * * *
You feel extremely sick. The hornet misses you. The hornet barely misses you.
You furiously retaliate!
You headbutt the hornet!
It was a potion of degeneration.
There was something very wrong with that liquid.
You feel weakened.
You feel dopey.
You feel clumsy.
* * * LOW HITPOINT WARNING * * *
You feel extremely sick. The hornet closely misses you. The hornet misses you.
It was a potion of magic.
Magic courses through your body.
* * * LOW HITPOINT WARNING * * *
You feel very sick. The hornet barely misses you. The hornet stings you!
* * * LOW HITPOINT WARNING * * *
You feel as though you will be slow longer.
It was a potion of curing.
You feel better.
The hornet stings you but does no damage.
The hornet stings you!
You die...

#....# ########.§≈.#
#........≈§.# #### #.# #.....#
.<...##.##### #># #........#
#.# ####.###.# #.# #.# #.# #.#
#####.###.## #@# ###..))......#
#y# .##.###.###..# #.# .##.#
#.# #..###.###########.
.##.###.###...##..)..[.).5...
...............[.....5###
..).....###...#######.#########
##..#######...#######.#:......#
#..# #..............#####>#


You could see a hornet.

Vanquished Creatures
  2 vault guards (Bailey)
  An unseen horror (D:7)
  Prince Ribbit (Bailey)
  A wyvern (D:8)
  3 humans (Bailey)
  3 steam dragons
  A black bear (D:7)
  3 ice beasts
  A centaur (D:8)
  2 ogres (D:6)
  3 phantoms
  8 kobold brigands
  Blork the orc (D:6)
  12 bullfrogs
  5 scorpions
  A howler monkey (D:4)
  2 jellies
  A lava snake (D:8)
  3 quasits (D:7)
  7 hounds
  2 orc priests (D:7)
  2 gnoll boudas
  Jessica (D:2)
  An iguana (D:5)
  11 orc wizards
  Natasha (thrice) (D:2)
  10 adders
  12 gnolls
  7 shadow imps
  9 white imps
  2 ufetubi
  4 worms
  2 dart slugs
  20 orcs
  8 endoplasms
  4 giant cockroaches
  11 goblins
  4 hobgoblins
  6 quokkas
  10 ball pythons
  3 bats
  2 frilled lizards (D:1)
  9 kobolds
  12 rats
216 creatures vanquished.

Vanquished Creatures (others)
  2 orcs (D:8)
  3 demonic plants (D:7)
5 creatures vanquished.

Grand Total: 221 creatures vanquished

Notes
Turn   | Place    | Note
-------+----------+-------------------------------------------
     0 | D:1      | juan097 the Minotaur Berserker began the quest for the Orb.
     0 | D:1      | Reached XP level 1. HP: 19/19 MP: 0/0
   134 | D:1      | Found Kebbab's Armour Shop.
   141 | D:1      | Reached skill level 4 in Maces & Flails
   141 | D:1      | Reached XP level 2. HP: 27/27 MP: 1/1
   636 | D:2      | Noticed Natasha
   643 | D:2      | Killed Natasha
   644 | D:2      | Reached XP level 3. HP: 12/34 MP: 2/2
   817 | D:2      | Noticed Natasha
   824 | D:2      | Killed Natasha
   825 | D:2      | Reached skill level 5 in Fighting
   825 | D:2      | Reached skill level 5 in Maces & Flails
   825 | D:2      | Reached XP level 4. HP: 35/42 MP: 3/3
   995 | D:2      | Noticed Jessica
  1014 | D:2      | Killed Jessica
  1125 | D:2      | Reached ** piety under Trog
  1170 | D:2      | Noticed Natasha
  1177 | D:2      | Killed Natasha
  1178 | D:2      | Reached XP level 5. HP: 39/49 MP: 4/4
  2338 | D:3      | Reached skill level 6 in Maces & Flails
  2420 | D:4      | Noticed a phantom
  2428 | D:4      | Killed a phantom
  2429 | D:4      | Reached skill level 1 in Evocations
  2429 | D:4      | Reached XP level 6. HP: 54/57 MP: 5/5
  2803 | D:4      | Reached skill level 7 in Maces & Flails
  3008 | D:4      | Reached XP level 7. HP: 36/63 MP: 6/6
  3510 | D:5      | Entered Level 5 of the Dungeon
  3620 | D:5      | Found a staircase to the Ecumenical Temple.
  3916 | D:5      | Reached *** piety under Trog
  3917 | D:5      | Reached skill level 8 in Maces & Flails
  4497 | D:6      | Found Toluig's Assorted Antiques.
  4556 | D:6      | Reached skill level 5 in Evocations
  4556 | D:6      | Reached XP level 8. HP: 56/70 MP: 7/7
  4673 | D:6      | Found a glowing drain.
  4750 | Sewer    | Entered a sewer
  5156 | Sewer    | Reached skill level 1 in Stealth
  5329 | Sewer    | Reached **** piety under Trog
  5999 | D:6      | Noticed Blork the orc
  6019 | D:6      | Killed Blork the orc
  6087 | D:6      | Reached XP level 9. HP: 73/79 MP: 8/8
  6259 | D:6      | Bought a scroll labelled BUTTI WIAD for 30 gold pieces
  6259 | D:6      | Bought a scroll labelled AWYGIR KYOC for 30 gold pieces
  6259 | D:6      | Bought a pink potion for 27 gold pieces
  6259 | D:6      | Bought a pink potion for 27 gold pieces
  6306 | D:6      | Reached skill level 9 in Maces & Flails
  6630 | D:7      | Noticed an unseen horror
  6851 | D:7      | Killed an unseen horror
  7222 | D:7      | Reached skill level 10 in Maces & Flails
  7658 | D:7      | Paralysed by a hornet for 3 turns
  8141 | D:8      | Found a flagged portal.
  8159 | D:8      | Reached skill level 11 in Maces & Flails
  8278 | Bailey   | Entered a bailey
  8352 | Bailey   | Reached ***** piety under Trog
  8353 | Bailey   | Reached XP level 10. HP: 69/88 MP: 9/9
  8362 | Bailey   | Reached skill level 12 in Maces & Flails
  8595 | Bailey   | Reached skill level 1 in Throwing
  8598 | Bailey   | Noticed Prince Ribbit
  8614 | Bailey   | Noticed a vault guard
  8618 | Bailey   | Killed Prince Ribbit
  8704 | Bailey   | Killed a vault guard
  8705 | Bailey   | Reached skill level 5 in Armour
  8864 | Bailey   | Noticed a vault guard
  8871 | Bailey   | Reached skill level 5 in Dodging
  8926 | Bailey   | Killed a vault guard
  9695 | D:8      | Found a shimmering altar of Xom.
 10208 | D:8      | Received a gift from Trog
 10229 | D:7      | Paralysed by a hornet for 2 turns
 10233 | D:7      | HP: 1/91 [hornet (9)]
 10234 | D:7      | Slain by a hornet

Illustrated notes

Levels and vault maps discovered:
D:1:      amcnicky_arrival_gap_in_the_tavern_cellar, layout_loops_ring,
          serial_shops, shop
D:2:      layout_loops_ring, uniq_natasha, uniq_jessica
D:3:      layout_basic
D:4:      layout_cave_pods
D:5:      layout_gridville, minmay_temple_entry_trees, chequers_jeans
D:6:      layout_rooms, serial_shops, nicolae_shop_hallway_stairs,
          gup_sewer_entry_bowl, st_stairs_11, uniq_blork_the_orc
D:7:      layout_loops_ring, serial_demonic, serial_demonic_a, serial_demonic_e,
          serial_demonic_f, serial_demonic_e, serial_demonic_d,
          serial_demonic_g, serial_demonic_b, serial_demonic_e
D:8:      layout_basic, mainiacjoe_overflow_surrounded_room, enter_bailey_2,
          kennysheep_opposing_triangles

Skill      XL: |  1  2  3  4  5  6  7  8  9 10 |
---------------+-------------------------------+-----
Fighting       | 4 5 6 7 8 9 |  9.2
Maces & Flails | 4 5 6 7 8 11 12 | 12.0
Evocations     | 1 2 5 6 |  6.0
Stealth        | 2 4 |  4.0
Armour         | 4 6 |  6.0
Dodging        | 3 4 5 |  5.8
Throwing       | 3 |  3.6

Action                     |  1- 3 |  4- 6 |  7- 9 | 10-12 || total
---------------------------+-------+-------+-------+-------++-------
  Melee: Mace              |    42 |    96 |   302 |       ||   440
         Punch             |     1 |       |     3 |     1 ||     5
         Headbutt          |     5 |    16 |    70 |    26 ||   117
         Unarmed           |     6 |       |       |       ||     6
         Whip              |       |       |    28 |   115 ||   143
         Dire flail        |       |       |       |    10 ||    10
   Fire: Sling             |       |    38 |   179 |    17 ||   234
  Throw: Dart              |       |       |     1 |    10 ||    11
 Invoke: Berserk           |       |     3 |     3 |     1 ||     7
         Trog's Hand       |       |       |     1 |     2 ||     3
  Evoke: Wand              |       |       |     1 |    10 ||    11
    Use: Scroll            |       |       |     3 |       ||     3
         Potion            |       |       |     2 |     3 ||     5
   Stab: Paralysed         |       |       |     4 |       ||     4
 Armour: Animal skin       |     4 |       |       |       ||     4
         Ring mail         |     5 |     6 |       |       ||    11
         Robe              |       |    30 |    74 |    14 ||   118
  Dodge: Dodged            |    30 |    62 |   192 |    41 ||   325

Table legend: (Time is in decaauts)
 A = Elapsed time spent in this place.
 B = Non-inter-level travel time spent in this place.
 C = Inter-level travel time spent in this place.
 D = Time resting spent in this place.
 E = Time spent auto-exploring this place.
 F = Levels seen in this place.
 G = Mean time per level.
                   A        B        C        D        E       F      G
               +--------+--------+--------+--------+--------+-----+--------+
         Total |  10454 |  10116 |    338 |    747 |   7169 |  10 | 1045.4 |
       Dungeon |   8441 |   8103 |    338 |    583 |   5892 |   8 | 1055.1 |
         Sewer |   1193 |   1193 |      0 |      0 |    884 |   1 | 1193.0 |
        Bailey |    819 |    819 |      0 |    164 |    392 |   1 |  819.0 |
               +--------+--------+--------+--------+--------+-----+--------+

Top non-repeatable levels by time:
     D:8: 1427 daAuts
     D:6: 1255 daAuts
   Sewer: 1193 daAuts
     D:7: 1187 daAuts
     D:4: 1058 daAuts
     D:5: 1014 daAuts
     D:2: 992 daAuts
     D:3: 892 daAuts
  Bailey: 819 daAuts
     D:1: 612 daAuts
